 Dungeon Crawl Stone Soup version 0.27-a0-3-gcf006a40f5 (webtiles) character file.

Game seed: 10758919702965637111

508 Goblin1989 the Changer (level 7, 0/62 HPs)
             Began as an Ogre Transmuter on Jan 1, 2021.
             Slain by a worker ant (7 damage)
             ... on level 5 of the Dungeon.
             The game lasted 00:21:10 (5402 turns).

Goblin1989 the Changer (Ogre Transmuter)            Turns: 5402, Time: 00:21:11

Health: 0/62       AC:  2    Str: 15    XL:     7   Next: 18%
Magic:  12/13      EV: 10    Int: 16    God:
Gold:   158        SH:  0    Dex:  9    Spells: 8/14 levels left

rFire    + . .     SeeInvis .     - Unarmed
rCold    . . .     Faith    .   (no shield)
rNeg     . . .     Spirit   .   a - +0 robe
rPois    .         Reflect  .   (helmet currently unavailable)
rElec    .         Harm     .   (no cloak)
rCorr    .         Rampage  .   (gloves unavailable)
Will     .....                  (boots unavailable)
Stlth    +.........             (no amulet)
HPRegen  0.20/turn              (no ring)
MPRegen  0.13/turn              (no ring)

@: lethally poisoned (0 -> -3), appendages
A: large, unfitting armour, horns 2, talons 2, deformed body, fire resistance 1,
sense surroundings 1, tough skin 1
a: End Transformation


You were on level 5 of the Dungeon.
You had grown temporary horns.
You had grown temporary talons.
You visited 1 branch of the dungeon, and saw 5 of its levels.

You collected 158 gold pieces.

Inventory:

Hand Weapons
 f - a +1 hunting sling
Missiles
 c - 154 stones {@Q3}
Armour
 a - a +0 robe (worn)
Jewellery
 U - an uncursed ring of ice
Scrolls
 n - a scroll of immolation
 T - 2 scrolls of teleportation {!r, @r2}
Potions
 m - a potion of berserk rage


   Skills:
 - Level 1.3 Fighting
 - Level 1.7 Dodging
 - Level 2.6 Unarmed Combat
 - Level 4.0 Spellcasting
 + Level 2.0 Necromancy
 * Level 4.3 Transmutations
 * Level 3.6 Poison Magic


You had 8 spell levels left.
You knew the following spells:

 Your Spells              Type           Power        Failure   Level
a - Beastly Appendage     Tmut           34%          2%          1
b - Spider Form           Tmut/Pois      8%           10%         3
c - Animate Skeleton      Necr           18%          7%          1
o - Apportation           Tloc           6%           17%         1

Your spell library contained the following spells:

 Spells                   Type           Power        Failure   Level
 Wereblood                Tmut           17%          4%          2
 Corona                   Hex            3%           17%         1
 Summon Small Mammal      Summ           12%          17%         1
 Ice Form                 Ice/Tmut       10%          56%         4
 Blade Hands              Tmut           8%           61%         5


Dungeon Overview and Level Annotations

Branches:
Dungeon (5/15)
 Temple: D:4-7

Altars:
Ashenzari
Dithmenos
Ru
Trog
Vehumet
Yredelemnul

Annotations:
D:3 3 runed translucent doors, zikan's ghost, amateur GrFi
D:4 Menkaure


Innate Abilities, Weirdness & Mutations

You are too large for most types of armour.
You have tough skin. (AC +1)
You have a pair of horns on your head.
You have razor-sharp toenails.
Armour fits poorly on your strangely shaped body.
Your flesh is heat resistant. (rF+)
You passively map a small area around you.


Message History

A shadow imp comes into view.
The shadow imp moves out of view.
Found 14 gold pieces.
The shadow imp gestures at you. Pain shoots through your body!
You take 2 damage, and have 34/62 hp.
You barely miss the shadow imp. The shadow imp closely misses you.
You closely miss the shadow imp. The shadow imp hits you.
You take 4 damage, and have 30/62 hp.
You closely miss the shadow imp. The shadow imp hits you.
You take 1 damage, and have 29/62 hp.
You barely miss the shadow imp. The shadow imp barely misses you.
You hit the shadow imp.
The shadow imp is severely wounded.
The shadow imp gestures at you. Pain shoots through your body!
* * * LOW HITPOINT WARNING * * *
You take 13 damage, and have 17/62 hp.
MASSIVE DAMAGE!!
You closely miss the shadow imp.
The shadow imp is severely wounded.
The shadow imp gestures at you. Pain shoots through your body!
* * * LOW HITPOINT WARNING * * *
You take 7 damage, and have 10/62 hp.
You hit the shadow imp.
You kill the shadow imp!
Found a chain mail.
A hound comes into view.
The hound barks!
Casting: Beastly Appendage (safe; 3% risk of failure)
Confirm with . or Enter, or press ? or * to list all spells.
You turn into a venomous arachnid creature.
Your +0 robe melds into your body.
You now have 10/13 mp.
The hound bites you.
* * * LOW HITPOINT WARNING * * *
The hound closely misses you.
You take 1 damage, and have 11/62 hp.
You hit the hound but do no damage.
The hound is poisoned.
The hound misses you.
You hit the hound but do no damage.
The hound looks as sick as possible!
The hound bites you.
* * * LOW HITPOINT WARNING * * *
You take 5 damage, and have 6/62 hp.
You hit the hound.
The hound looks as sick as possible!
The hound is lightly wounded.
The hound closely misses you. The hound bites you but does no damage.
You closely miss the hound.
The hound is moderately wounded.
The hound barely misses you.
You hit the hound.
The hound looks as sick as possible!
The hound is heavily wounded.
The hound barely misses you.
You hit the hound.
The hound is severely wounded.
Your transformation is almost over.
The hound completely misses you. x2
You barely miss the hound.
The hound is severely wounded.
The hound closely misses you.
You hit the hound but do no damage.
The hound looks as sick as possible!
The hound is almost dead.
The hound barely misses you. The hound completely misses you.
You hit the hound.
You kill the hound!
You now have 158 gold pieces (gained 14).
Your transformation has ended.
Your +0 robe unmelds from your body.
MP restored: 13 You hear the slow hiss of a distant avalanche of sand.
A worker ant comes into view.
The worker ant moves out of view.
A worker ant comes into view.
Found a glowing ivory ring.
Casting: Spider Form (dangerous; 10% risk of failure)
Confirm with . or Enter, or press ? or * to list all spells.
You grow a pair of large bovine horns.
Your feet morph into talons.
You now have 12/13 mp.
The worker ant bites you.
* * * LOW HITPOINT WARNING * * *
You are poisoned.
The worker ant poisons you!
You take 3 damage, and have 10/62 hp.
You closely miss the worker ant. Your kick misses the worker ant.
You headbutt the worker ant, but do no damage.
You feel sick. The worker ant barely misses you.
You take 1 damage, and have 9/62 hp.
You completely miss the worker ant. You claw the worker ant!
Your headbutt misses the worker ant.
The worker ant is heavily wounded.
You feel sick. The worker ant barely misses you.
You take 1 damage, and have 8/62 hp.
You hit the worker ant but do no damage.
Your headbutt misses the worker ant.
The worker ant is heavily wounded.
The worker ant bites you but does no damage.
You hit the worker ant.
The worker ant is heavily wounded.
You feel sick. The worker ant bites you!
You die...

█..█.........∆...............
█..█.█████████..............
█..█.█ █.............· █..█.█
████████████...... ████.█
█...█ ..... █.█ █...█ ... █<█
█...█ ▓ ▓▓
█.█████...████████████
█.........@BB[........
███████...██.........=
█...██..........·
███████...██.......... ▓
█.........███.██......
█.....^...█ █.█ ......
█.........█ █.█▓ .....
█........██ █.█ ·..... ·
█........█ █.█ ....


You could see 2 worker ants.

Vanquished Creatures
  Grinder (D:4)
  A scorpion (D:5)
  A howler monkey (D:4)
  An orc priest (D:3)
  2 hounds
  A bullfrog skeleton (D:5)
  2 adders
  A shadow imp (D:5)
  A worm (D:2)
  2 dart slugs
  3 leopard geckos
  9 orcs (D:3)
  6 bats
  3 giant cockroaches
  2 gnoll zombies (D:2)
  6 goblins
  7 hobgoblins
  5 jackals (D:2)
  4 frilled lizards
  8 kobolds
  A leopard gecko zombie (D:5)
  8 rats
75 creatures vanquished.

Vanquished Creatures (collateral kills)
  A jackal (D:2)
1 creature vanquished.

Grand Total: 76 creatures vanquished

Notes
Turn   | Place    | Note
-------+----------+-------------------------------------------
     0 | D:1      | Goblin1989 the Ogre Transmuter began the quest for the Orb.
     0 | D:1      | Reached XP level 1. HP: 19/19 MP: 3/3
     6 | D:1      | Noticed an ogre
     7 | D:1      | Noticed a human
    10 | D:1      | Noticed a spriggan
    10 | D:1      | Noticed a vampire
    14 | D:1      | Noticed a minotaur
   158 | D:1      | Reached XP level 2. HP: 27/27 MP: 3/5
   712 | D:1      | Reached skill level 1 in Poison Magic
   893 | D:1      | Reached XP level 3. HP: 33/33 MP: 4/7
  1275 | D:1      | Learned a level 3 spell: Spider Form
  1700 | D:2      | HP: 1/33 [jackal (3)]
  2109 | D:2      | Found a broken altar of Ashenzari.
  2202 | D:2      | Learned a level 1 spell: Animate Skeleton
  2249 | D:2      | Found a radiant altar of Vehumet.
  2673 | D:2      | Reached XP level 4. HP: 41/41 MP: 4/8
  2675 | D:2      | Learned a level 1 spell: Apportation
  2817 | D:2      | Found a shadowy altar of Dithmenos.
  2819 | D:2      | Found a sacrificial altar of Ru.
  3007 | D:2      | Found a basalt altar of Yredelemnul.
  3253 | D:3      | Found a faded altar of an unknown god.
  3253 | D:3      | Found a bloodstained altar of Trog.
  3293 | D:3      | Noticed zikan's ghost (amateur GrFi)
  3299 | D:3      | Found a runed translucent gate.
  3299 | D:3      | Found a runed translucent gate.
  3302 | D:3      | Found a runed translucent gate.
  3351 | D:3      | HP: 1/41 [orc/+0 short sword (4)]
  3803 | D:3      | Reached XP level 5. HP: 31/48 MP: 5/10
  4301 | D:4      | Reached skill level 1 in Necromancy
  4335 | D:4      | Noticed Grinder
  4356 | D:4      | Gained mutation: Armour fits poorly on your strangely
                  | shaped body. [potion of mutation]
  4356 | D:4      | Gained mutation: You passively map a small area around you.
                  | [potion of mutation]
  4356 | D:4      | Gained mutation: Your flesh is heat resistant. (rF+)
                  | [potion of mutation]
  4364 | D:4      | Killed Grinder
  4365 | D:4      | Reached XP level 6. HP: 10/55 MP: 9/12
  4663 | D:4      | Noticed a phantom
  5154 | D:4      | Noticed Menkaure
  5179 | D:5      | Entered Level 5 of the Dungeon
  5238 | D:5      | Reached XP level 7. HP: 34/62 MP: 9/13
  5402 | D:5      | Slain by a worker ant

Illustrated notes

Levels and vault maps discovered:
D:1:      shiori_arrival_whats_in_store_for_you, layout_basic
D:2:      layout_basic, nicolae_overflow_hidden_temple, old_standard_altar,
          lemuel_zombie_altar_yredelemnul, minmay_misc_feat_enclosed,
          grunt_ministairs_4, evilmike_ruin_ashenzari
D:3:      layout_rooms, general_overflow_altar, gammafunk_ghost_split,
          chequers_ecumenical_altar_island
D:4:      layout_basic, chequers_decorated_corner, minmay_misc_feat_columns,
          nicolae_tso_carved_into_rock, uniq_menkaure, uniq_grinder, uniq_edmund
D:5:      layout_basic, lightli_ossuary_entry_decrepit_ruins,
          chequers_serial_rivers_micro_c

Skill      XL: |  1  2  3  4  5  6  7 |
---------------+----------------------+-----
Transmutations | 2 3 4 |  4.3
Poison Magic   | 1 2 3 |  3.6
Spellcasting   | 3 4 |  4.0
Necromancy     | 1 2 |  2.0
Fighting       | |  1.3
Dodging        | |  1.7
Unarmed Combat | |  2.6

Action                   |  1- 3 |  4- 6 |  7- 9 || total
-------------------------+-------+-------+-------++-------
Melee: Unarmed           |   130 |   119 |    29 ||   278
       Kick              |    21 |     7 |     2 ||    30
       Punch             |     1 |       |       ||     1
       Headbutt          |    12 |     6 |     2 ||    20
 Cast: Beastly Appendage |    35 |    12 |     2 ||    49
       Animate Skeleton  |     3 |     2 |       ||     5
       Spider Form       |     2 |     7 |     1 ||    10
 Abil: End Transformatio |     1 |     1 |       ||     2
  Use: Scroll            |     1 |       |     3 ||     4
       Potion            |       |     6 |       ||     6
Armor: Robe              |    32 |    17 |     1 ||    50
       Skin              |       |       |     2 ||     2
Dodge: Dodged            |    97 |    71 |    21 ||   189

Table legend: (Time is in decaauts)
 A = Elapsed time spent in this place.
 B = Non-inter-level travel time spent in this place.
 C = Inter-level travel time spent in this place.
 D = Time resting spent in this place.
 E = Time spent auto-exploring this place.
 F = Levels seen in this place.
 G = Mean time per level.
                   A        B        C        D        E       F      G
               +--------+--------+--------+--------+--------+-----+--------+
         Total |   5384 |   5107 |    277 |   1348 |   2769 |   5 | 1076.8 |
       Dungeon |   5384 |   5107 |    277 |   1348 |   2769 |   5 | 1076.8 |
               +--------+--------+--------+--------+--------+-----+--------+

Top non-repeatable levels by time:
     D:1: 1853 daAuts
     D:2: 1409 daAuts
     D:3: 1283 daAuts
     D:4: 617 daAuts
     D:5: 220 daAuts
